 Dungeon Crawl Stone Soup version 0.26-a0-403-g5864c69 (webtiles) character file.

Game seed: 15546274513798661258

2289 silenth the Carver (level 9, -2/61 HPs)
             Began as an Octopode Fighter on July 24, 2020.
             Was a Follower of Uskayaw.
             Slain by an unseen horror (10 damage)
             ... on level 8 of the Dungeon.
             The game lasted 00:10:14 (7396 turns).

silenth the Carver (Octopode Fighter)               Turns: 7396, Time: 00:10:14

Health: -2/61      AC:  1    Str: 18    XL:     9   Next: 40%
Magic:  12/12      EV: 13    Int:  8    God:    Uskayaw [*.....]
Gold:   296        SH: 10    Dex: 12    Spells: 8/8 levels left

rFire    . . .     SeeInvis .   a - +1 long sword
rCold    . . .     Faith    .   b - +1 kite shield
rNeg     + . .     Spirit   .   (helmet restricted)
rPois    +         Reflect  .   (no amulet)
rElec    +         Harm     .   m - ring of Creativity {rElec rPois rN+ Int-2 Stlth-}
rCorr    .                      (no ring)
MR       .....                  (no ring)
Stlth    +++.......             (no ring)
HPRegen  0.20/turn              (no ring)
MPRegen  0.13/turn              (no ring)
                                (no ring)
                                (no ring)

@: very slightly contaminated, hasted, invisible, very quick
A: almost no armour, stealthy swim, amphibious, 8 rings, constrict 8, camouflage
1, gelatinous body 1
a: Stomp, Renounce Religion


You were on level 8 of the Dungeon.
You worshipped Uskayaw.
Uskayaw was noncommittal.
You visited 2 branches of the dungeon, and saw 9 of its levels.

You collected 296 gold pieces.

Inventory:

Hand Weapons
 a - a +1 long sword (weapon)
Missiles
 l - 4 boomerangs
 o - a poisoned dart (quivered)
 q - 3 javelins
Armour
 b - a +1 kite shield (worn)
Jewellery
 k - an uncursed ring of ice
 m - the ring of Creativity (left tentacle) {rElec rPois rN+ Int-2 Stlth-}
   (You found it on level 5 of the Dungeon)

   [ring of positive energy]

   It affects your intelligence (-2).
   It insulates you from electricity.
   It protects you from poison.
   It protects you from negative energy.
   It makes you less stealthy.
Wands
 w - a wand of enslavement (11)
Scrolls
 d - 4 scrolls of teleportation
 e - a scroll of magic mapping
 g - 2 scrolls of enchant armour
 i - 3 scrolls of identify
 j - a scroll of enchant weapon
 r - 5 scrolls of remove curse
 v - a scroll of immolation
 x - a scroll of blinking
Potions
 c - 3 potions of might
 f - a potion of brilliance
 h - 3 potions of flight
 n - a potion of curing
 p - a potion of haste
 s - a potion of lignification


   Skills:
 + Level 5.0 Fighting
 - Level 12.1 Long Blades
 + Level 4.4 Dodging
 + Level 4.6 Stealth
 + Level 4.4 Shields
 * Level 4.3 Invocations


You had 8 spell levels left.
You didn't know any spells.
Your spell library was empty.

Dungeon Overview and Level Annotations

Branches:
Dungeon (8/15)             Temple (1/1) D:6            Lair (0/6) D:8

Altars:
Ashenzari
Cheibriados
Trog
Uskayaw
Wu Jian

Shops:
D:4 }


Innate Abilities, Weirdness & Mutations

You cannot wear most types of armour.
You are very stealthy in the water. (Stealth+)
You are amphibious.
You can wear up to eight rings at the same time.
You can use your tentacles to constrict eight enemies at once.
Your skin changes colour to match your surroundings (Stealth+).
Your rubbery body absorbs attacks. (AC +1, EV +1)


Message History

* * * LOW HITPOINT WARNING * * *
You feel better.
Something hits you but does no damage. x2
You feel better.
You feel less wooden. Something hits you.
* * * LOW HITPOINT WARNING * * *
You feel better. Something hits you!
* * * LOW HITPOINT WARNING * * *
You fade into invisibility!
Something completely misses you.
You are very lightly contaminated with residual magic.
There is a strange disturbance nearby!
You feel better. Something barely misses you.
You miss something. Your squeeze misses something. Something hits you.
* * * LOW HITPOINT WARNING * * *
You feel a little less mighty now. Something hits you.
* * * LOW HITPOINT WARNING * * *
You feel yourself speed up. Something hits you!
You die...

.................
..............#..
#...$.............
.....[.......##...
........†......#..#
...............!..#
...##...#..........#
###...#...####.......#
##.........#.#.@......#
##......#......#..#.....
.......###.......####...
........##........## ........
.......##..........#. .........
##...................# ..........
.#...#...........#.####..#.......
.#...##..........#..#.......... #
.#...#......##..........#..##.###


There were no monsters in sight!

Vanquished Creatures
  Menkaure (D:6)
  An ice beast (D:6)
  2 phantoms
  2 sky beasts (D:6)
  A black bear (D:8)
  6 ogres
  2 centaurs
  Blork the orc (D:4)
  2 bullfrogs
  A howler monkey (D:7)
  A hound (D:6)
  3 jellies
  5 orc wizards
  An iguana (D:7)
  4 worker ants
  A worker ant zombie (D:7)
  9 adders
  A shadow imp (D:7)
  3 white imps
  An ufetubus (D:8)
  3 oozes
  An adder zombie (D:7)
  4 adder skeletons
  3 worms
  4 dart slugs
  4 leopard geckos
  21 orcs
  12 giant cockroaches
  9 goblins
  8 hobgoblins
  11 jackals
  8 kobolds
  3 quokkas
  A ball python (D:3)
  10 bats
  5 frilled lizards
  A leopard gecko skeleton (D:4)
  A quokka skeleton (D:5)
  8 rats
165 creatures vanquished.

Notes
Turn   | Place    | Note
-------+----------+-------------------------------------------
     0 | D:1      | silenth the Octopode Fighter began the quest for the Orb.
     0 | D:1      | Reached XP level 1. HP: 16/16 MP: 1/1
    48 | D:1      | Reached XP level 2. HP: 20/21 MP: 2/2
   212 | D:1      | Reached skill level 3 in Long Blades
   223 | D:1      | Reached XP level 3. HP: 24/26 MP: 3/3
   824 | D:2      | Reached XP level 4. HP: 24/31 MP: 4/4
   884 | D:2      | Reached skill level 1 in Stealth
   914 | D:2      | Reached skill level 11 in Long Blades
   914 | D:2      | Reached XP level 5. HP: 36/36 MP: 5/5
  1197 | D:2      | Found a faded altar of an unknown god.
  1202 | D:2      | Became a worshipper of Uskayaw the Reveler
  1202 | D:2      | Reached * piety under Uskayaw
  1253 | D:2      | Found a snail-covered altar of Cheibriados.
  1473 | D:3      | Reached ** piety under Uskayaw
  2041 | D:3      | Found an ornate altar of the Wu Jian Council.
  2180 | D:3      | Reached XP level 6. HP: 41/43 MP: 6/6
  2187 | D:3      | Reached *** piety under Uskayaw
  2190 | D:3      | Reached **** piety under Uskayaw
  2410 | D:4      | Found Dyfejuive's Gadget Shop.
  2478 | D:4      | Reached skill level 2 in Stealth
  2833 | D:4      | Noticed Blork the orc
  2843 | D:4      | Killed Blork the orc
  2843 | D:4      | Reached skill level 1 in Invocations
  2843 | D:4      | Reached XP level 7. HP: 28/47 MP: 7/7
  2995 | D:4      | Reached skill level 4 in Fighting
  3357 | D:4      | Reached skill level 3 in Stealth
  3648 | D:5      | Entered Level 5 of the Dungeon
  3652 | D:5      | Found a shattered altar of Ashenzari.
  3681 | D:5      | Reached skill level 12 in Long Blades
  3892 | D:5      | Reached XP level 8. HP: 52/54 MP: 9/9
  3946 | D:5      | Got a coiled copper ring
  3970 | D:5      | Identified the ring of Creativity {rElec rPois rN+ Int-2
                  | Stlth-} (You found it on level 5 of the Dungeon)
  3973 | D:5      | Reached skill level 2 in Invocations
  4701 | D:6      | Found a staircase to the Ecumenical Temple.
  4728 | Temple   | Entered the Ecumenical Temple
  5159 | D:6      | Reached skill level 4 in Shields
  5223 | D:6      | Noticed Menkaure
  5236 | D:6      | Killed Menkaure
  5236 | D:6      | Reached skill level 4 in Dodging
  5236 | D:6      | Reached skill level 3 in Invocations
  5272 | D:6      | Reached skill level 4 in Stealth
  5551 | D:6      | Found a bloodstained altar of Trog.
  5688 | D:6      | Reached XP level 9. HP: 41/59 MP: 11/11
  6471 | D:7      | Reached skill level 4 in Invocations
  7196 | D:8      | Found a staircase to the Lair.
  7336 | D:8      | Reached skill level 5 in Fighting
  7341 | D:8      | HP: 9/91 [something (1)]
  7350 | D:8      | HP: 2/61 [something (11)]
  7369 | D:8      | HP: 6/91 [something (4)]
  7385 | D:8      | HP: 9/91 [something (5)]
  7387 | D:8      | HP: 3/91 [something (6)]
  7396 | D:8      | Slain by an unseen horror

Illustrated notes

Levels and vault maps discovered:
D:1:      minmay_arrival_arboretum_small, layout_rooms
D:2:      minmay_angry_zag, layout_basic, serial_curves, eino_curves_01,
          eino_curves_04, eino_curves_04, chequers_ecumenical_altar_grove,
          kennysheep_small_spiral, kennysheep_slug_shrine
D:3:      layout_basic, lemuel_round_altar, minivault_4
D:4:      layout_loops_ring, serial_shops, kennysheep_little_box,
          uniq_blork_the_orc
D:5:      layout_basic, nicolae_ashenzari_panopticon
D:6:      layout_loops_ring, minmay_temple_entry_grid,
          cheibrodos_sewer_entry_bend, basic_altar, st_stairs_6, uniq_menkaure
D:7:      minmay_skewed_foursquare, layout_rooms, chequers_avenue,
          nicolae_tso_swordbearing_angel
D:8:      layout_cave_pools, dpeg_oklobed_lair, basic_altar,
          serial_column_ruins, column_ruins_hut, column_ruins_hut_pillars,
          column_ruins_open_medium, column_ruins_open_tiny,
          column_ruins_columns_dead_end, column_ruins_corridor_straight,
          column_ruins_grid_1, chequers_serial_rivers_micro_d
Temple:   compressed_dpeg_circular_temple

Skill      XL: |  1  2  3  4  5  6  7  8  9 |
---------------+----------------------------+-----
Long Blades    | 3 11 12 | 12.1
Stealth        | 1 2 3 4 |  4.6
Invocations    | 1 3 4 |  4.3
Fighting       | 4 5 |  5.0
Shields        | 4 |  4.4
Dodging        | 4 |  4.4

Action                   |  1- 3 |  4- 6 |  7- 9 || total
-------------------------+-------+-------+-------++-------
Melee: Long sword        |    46 |   117 |   195 ||   358
       Constrict         |     9 |    37 |    32 ||    78
       Tentacles         |     4 |    26 |    45 ||    75
Throw: Boomerang         |       |       |    26 ||    26
       Dart              |       |       |     2 ||     2
Invok: Stomp             |       |       |     2 ||     2
  Use: Scroll            |       |    10 |    10 ||    20
       Potion            |       |     1 |    14 ||    15
 Stab: Sleeping          |     5 |    15 |    12 ||    32
       Distracted        |       |     3 |       ||     3
       Paralysed         |       |     2 |     3 ||     5
Armor: Skin              |    10 |     5 |    31 ||    46
Dodge: Dodged            |    18 |    40 |    53 ||   111
Block: Kite shield       |    19 |    37 |    69 ||   125
       Rpst.: Long sword |     4 |    11 |    14 ||    29

Table legend: (Time is in decaauts)
 A = Elapsed time spent in this place.
 B = Non-inter-level travel time spent in this place.
 C = Inter-level travel time spent in this place.
 D = Time resting spent in this place.
 E = Time spent auto-exploring this place.
 F = Levels seen in this place.
 G = Mean time per level.
                   A        B        C        D        E       F      G
               +--------+--------+--------+--------+--------+-----+--------+
         Total |   7391 |   7177 |    214 |   1779 |   4085 |   9 |  821.2 |
       Dungeon |   7099 |   6885 |    214 |   1489 |   4085 |   8 |  887.4 |
        Temple |    291 |    291 |      0 |    290 |      0 |   1 |  291.0 |
               +--------+--------+--------+--------+--------+-----+--------+

Top non-repeatable levels by time:
     D:4: 1261 daAuts
     D:6: 1098 daAuts
     D:7: 1025 daAuts
     D:5: 978 daAuts
     D:3: 918 daAuts
     D:2: 825 daAuts
     D:1: 652 daAuts
     D:8: 339 daAuts
  Temple: 291 daAuts
